Cogmind - Beta 15 @@@ ROGUE MODE // 2025.07.16 @ 04:50:58 // Winter2022/Polymind Player: Inverisimilidude Result: Destroyed by G-47 Trooper with Particle Gun Performance ------------- Evolutions (1) 500 Regions Visited (3) 600 Robots Destroyed (0) 0 Value Destroyed (10) 10 Prototype IDs (0) 0 Alien Tech Used (0) 0 Bonus (1685) 1685 TOTAL SCORE: 2345 Bonus ------- Polymind Skill 1485 Pacifist 200 Cogmind --------- Core Integrity 0/400 Matter 0/0 Energy 94/100 System Corruption 0% Temperature Cool (9) Movement Core (50) Location -9/Storage Parts ------- > --- POWER (1) -------- (None) > --- PROPULSION (2) --- (None) > --- UTILITY (3) ------ (None) > --- WEAPON (2) ------- (None) > --- INVENTORY (0) ---- (None) Peak State ------------ > --- POWER ------------ Improved Ion Engine > --- PROPULSION ------- Light Treads Light Treads > --- UTILITY ---------- Heat Sink Heat Sink Light Armor Plating > --- WEAPON ----------- Beam Rifle Heavy Assault Rifle > --- INVENTORY -------- (None) [Rating: 11] Favorites ----------- Power Improved Ion Engine Engine Improved Ion Engine Propulsion Light Treads Treads Light Treads Wheel Wheel Hover Unit Hover Unit Utility Heat Sink Device Heat Sink Processor Terrain Scan Processor Hackware Hacking Suite Protection Light Armor Plating Weapon Beam Rifle Energy Gun Beam Rifle Ballistic Gun Heavy Assault Rifle Special Weapon Welding Torch Special Melee Weapon Datajack Build | -11 -10 -9 -9 ------- Run | Yrd Mat Mat Sto Slots Evolved . | . . . . Power . | . . . . Propulsion . | . . . . Utility . | . . . . Weapon . | . . . . Parts Attached . | . . . . Power . | . . . . Engine . | . . . . Core . | . . . . Reactor . | . . . . Propulsion . | . . . . Treads . | . . . . Leg . | . . . . Wheel . | . . . . Hover . | . . . . Flight . | . . . . Utility . | . . . . Device . | . . . . Storage . | . . . . Processor . | . . . . Hackware . | . . . . Protection . | . . . . Artifact . | . . . . Weapon . | . . . . Energy Gun . | . . . . Energy Cannon . | . . . . Ballistic Gun . | . . . . Ballistic Cannon . | . . . . Launcher . | . . . . Special Weapon . | . . . . Impact Weapon . | . . . . Slashing Weapon . | . . . . Piercing Weapon . | . . . . Special Melee Weapon . | . . . . Unidentified Prototypes . | . . . . Parts Lost . | . . . . Power . | . . . . Propulsion . | . . . . Utility . | . . . . Weapon . | . . . . Highest Loss Streak . | . . . . To Critical Strikes . | . . . . Average Backups . | . . . . Power . | . . . . Propulsion . | . . . . Utility . | . . . . Weapon . | . . . . Tool/Special . | . . . . Unused Backups . | . . . . Power . | . . . . Propulsion . | . . . . Utility . | . . . . Weapon . | . . . . Tool/Special . | . . . . Average Slot Usage (%) 87 | . 33 87 92 Engine 11 | . 4 12 12 Treads 15 | . . . 20 Wheel 5 | . 9 24 . Hover 3 | . . . 4 Device 20 | . 9 24 20 Processor 2 | . 4 12 . Hackware 1 | . . . 2 Protection 7 | . . . 9 Energy Gun 7 | . . . 9 Ballistic Gun 7 | . . . 9 Special Weapon 2 | . 4 12 . Special Melee Weapon 1 | . . . 2 Peak Build Rating 11 | . 8 8 11 Average Rating 8 | . 3 6 9 On Entrance 2 | . . 8 . Naked Turns 99 | . 35 26 38 Heaviest Build 18 | . 6 6 18 Greatest Support 40 | 3 20 20 40 Greatest Overweight (x) . | . . . . Average Overweight (x) . | . . . . Largest Inventory Capacity 1 | . . . 1 Average Capacity . | . . . . Most Carried . | . . . . Average Carried . | . . . . Final Capacity . | . . . . Final Carried . | . . . . Class Distribution -------------------- 61% | Sentry 17% | Builder 11% | Cogmind 9% | Operator Dominant Class ---------------- Cogmind | -10/Materials Builder | -9/Materials Sentry | -9/Storage Resources | -11 -10 -9 -9 ----------- Run | Yrd Mat Mat Sto Matter Collected . | . . . . Remotely . | . . . . Salvage Created . | . . . . Parts . | . . . . Haulers Intercepted . | . . . . Recyclers Shooed . | . . . . Parts Field Recycled . | . . . . Retrieved Matter . | . . . . Parts Self-Destructed . | . . . . Prevented . | . . . . Kills | -11 -10 -9 -9 ------- Run | Yrd Mat Mat Sto Combat Hostiles Destroyed . | . . . . Classes Destroyed . | . . . . Best Kill Streak . | . . . . Combat Bots Only . | . . . . Max Kills in Single Turn . | . . . . Gunslinging . | . . . . Exploded . | . . . . Melee . | . . . . Uniques/NPCs Destroyed . | . . . . Combat | -11 -10 -9 -9 -------- Run | Yrd Mat Mat Sto Hostile Shots Fired 88 | . 12 35 41 Missed 35 | . 8 12 15 Hits 53 | . 4 23 26 Projectile 53 | . 4 23 26 Critical Strikes 3 | . . 1 2 Damage Taken 648 | . 29 256 363 Core 431 | . 29 256 146 Absorbed by Shields . | . . . . Core Remaining (%) 94 | 100 88 . . Volleys Fired 4 | . . . 4 Largest 2 | . . . 2 Hottest 79 | . . . 79 Shots Fired 8 | . . . 8 Gun 8 | . . . 8 Cannon . | . . . . Launcher . | . . . . Special . | . . . . Kinetic 4 | . . . 4 Thermal 4 | . . . 4 Explosive . | . . . . Electromagnetic . | . . . . Robot Hit Streak 1 | . . . 1 Robot Miss Streak 2 | . . . 2 Penetration Max . | . . . . Secondary Targets . | . . . . Shots Hit Robots 3 | . . . 3 Core Hits 1 | . . . 1 Critical Kills . | . . . . Critical Parts Destroyed . | . . . . Critical Strikes . | . . . . Melee Attacks . | . . . . Impact . | . . . . Slashing . | . . . . Piercing . | . . . . Sneak Attacks . | . . . . Combat Hostiles . | . . . . Follow-up Attacks . | . . . . Damage Inflicted 59 | . . . 59 Guns 59 | . . . 59 Cannons . | . . . . Explosions . | . . . . Melee . | . . . . Ramming . | . . . . Kinetic 30 | . . . 30 Thermal 29 | . . . 29 Explosive . | . . . . Electromagnetic . | . . . . Impact . | . . . . Slashing . | . . . . Piercing . | . . . . Highest Corruption . | . . . . Average Corruption . | . . . . Corruption Purged . | . . . . Corruption Blocked . | . . . . Overload Shots . | . . . . Overflow Damage . | . . . . Projectiles . | . . . . Explosions . | . . . . Melee . | . . . . Knockbacks . | . . . . Impact . | . . . . Kinetic . | . . . . Secondary . | . . . . Self-Inflicted Damage . | . . . . Shots . | . . . . Rammed . | . . . . Targets Rammed . | . . . . Kicked . | . . . . Crushed . | . . . . Highest Temperature 85 | . . 2 85 Average Temperature 43 | . . 2 46 Received Heat Transfer 315 | . . 117 198 Siege Activations . | . . . . Martial Activations . | . . . . Shielding Activations . | . . . . Robots Disrupted . | . . . . Combat Hostiles . | . . . . Robots Corrupted . | . . . . Combat Hostiles . | . . . . Parts Fried . | . . . . Impact Corruptions . | . . . . Robots Melted . | . . . . Combat Hostiles . | . . . . Parts Melted . | . . . . Heat Transferred 74 | . . . 74 Parts Sabotaged . | . . . . Parts Stolen . | . . . . Parts Stripped . | . . . . Power Chain Reactions . | . . . . Alert | -11 -10 -9 -9 ------- Run | Yrd Mat Mat Sto Maximum Alert Level . | . . . . Low Security (%) 100 | 100 100 100 100 Level 1 . | . . . . Level 2 . | . . . . Level 3 . | . . . . Level 4 . | . . . . Level 5 . | . . . . High Security . | . . . . Max Security . | . . . . Peak Influence 30 | . 30 15 15 Initial 7 | . . 7 1 Average 1 | . 9 2 . Influence Increases 68 | . 30 15 23 Successful Hack 8 | . . . 8 Disable Machine 15 | . . . 15 Partial Spotted 15 | . . 15 . Lose Combat Pursuer 30 | . 30 . . Influence Decreases 61 | . 11 29 21 Entered New Map 16 | . . 12 4 Time Decay 43 | . 10 17 16 Miscellaneous 2 | . 1 . 1 Squads Dispatched 3 | . . 1 2 Investigation . | . . . . Extermination . | . . . . Reinforcement 3 | . . 1 2 Assault . | . . . . Garrison . | . . . . Intercept . | . . . . Searches Triggered . | . . . . Construction Impeded . | . . . . Haulers Reinforced . | . . . . Active Scanning Responses . | . . . . Cargo Convoy Interrupts . | . . . . Stealth | -11 -10 -9 -9 --------- Run | Yrd Mat Mat Sto Distress Signals 3 | . 1 2 . Communications Jammed . | . . . . Distress Signals . | . . . . Times Spotted 29 | . 5 13 11 Peak Tracking Total 16 | . 5 16 6 Tactical Retreats 1 | . 1 . . Traps | -11 -10 -9 -9 ------- Run | Yrd Mat Mat Sto Traps Triggered 2 | . . 2 . Indirectly . | . . . . Trap Hack Attempts . | . . . . Triggered . | . . . . Disarmed . | . . . . Reprogrammed . | . . . . Reused . | . . . . Traps Extracted . | . . . . Installed . | . . . . Triggered . | . . . . Machines | -11 -10 -9 -9 ---------- Run | Yrd Mat Mat Sto Machines Disabled 1 | . . . 1 Max in Single Turn 1 | . . . 1 Machines Repaired . | . . . . Machines Dismantled . | . . . . Machines Sabotaged . | . . . . Overloaded Fab Kills . | . . . . Hacking | -11 -10 -9 -9 --------- Run | Yrd Mat Mat Sto Machines Accessed 1 | . . . 1 Terminals 1 | . . . 1 Fabricators . | . . . . Repair Stations . | . . . . Recycling Units . | . . . . Scanalyzers . | . . . . Garrison Access . | . . . . Total Hacks 3 | . . . 3 Successful 1 | . . . 1 Failed 2 | . . . 2 Catastrophic . | . . . . Database Lockouts . | . . . . Manual 3 | . . . 3 Terminals 3 | . . . 3 Fabricators . | . . . . Repair Stations . | . . . . Recycling Units . | . . . . Scanalyzers . | . . . . Garrison Access . | . . . . Terminal Hacks 1 | . . . 1 Level Access Points 1 | . . . 1 Fabricator Hacks . | . . . . Repair Station Hacks . | . . . . Recycling Unit Hacks . | . . . . Scanalyzer . | . . . . Garrison Access Hacks . | . . . . Unauthorized Hacks . | . . . . Terminals . | . . . . Fabricators . | . . . . Repair Stations . | . . . . Recycling Units . | . . . . Scanalyzers . | . . . . Garrison Access . | . . . . Data Cores Recovered . | . . . . Used . | . . . . Hacking Detections 1 | . . . 1 Full Trace Events . | . . . . Feedback Events . | . . . . Feedback Blocked . | . . . . Robot Schematics Acquired . | . . . . Robots Built . | . . . . Authchips . | . . . . Time . | . . . . Total Robot Build Rating . | . . . . Part Schematics Acquired . | . . . . Parts Built . | . . . . Authchips . | . . . . Time . | . . . . Total Part Build Rating . | . . . . Parts Repaired . | . . . . Time . | . . . . Parts Recycled . | . . . . Recycled Matter . | . . . . Retrieved Matter . | . . . . Retrieved Components . | . . . . Parts Scanalyzed . | . . . . Part Schematics Acquired . | . . . . Parts Damaged . | . . . . Bothacking | -11 -10 -9 -9 ------------ Run | Yrd Mat Mat Sto Used RIF Installer . | . . . . Robots Hacked 3 | . 1 . 2 Non-combat 2 | . 1 . 1 Combat 1 | . . . 1 Robot Hacks Applied 3 | . 1 . 2 map_walls 1 | . 1 . . find_terminals 1 | . . . 1 find_shortcuts 1 | . . . 1 Relay Couplers Released . | . . . . Fabnet Peak Effective % . | . . . . Robots Rewired . | . . . . Allies Hacked . | . . . . Hacks Repelled . | . . . . Allies | -11 -10 -9 -9 -------- Run | Yrd Mat Mat Sto Total Allies . | . . . . Largest Group . | . . . . Highest-Rated Group . | . . . . Highest-Rated Ally . | . . . . Total Orders . | . . . . Ally Attacks . | . . . . Total Damage . | . . . . Kills . | . . . . Allies Corrupted . | . . . . Allies Melted . | . . . . Intel | -11 -10 -9 -9 ------- Run | Yrd Mat Mat Sto Active Infowar (turns) 156 | . 23 133 . Terrain 156 | . 23 133 . Structural 156 | . 23 133 . Robot Analysis Total 3 | . 1 . 2 Derelict Logs Recovered . | . . . . Drone Launches . | . . . . Drone Recoveries . | . . . . Exploration | -11 -10 -9 -9 ------------- Run | Yrd Mat Mat Sto Turns Passed 882 | 10 58 159 655 Spaces Moved 590 | 20 99 179 292 Core 212 | 20 69 49 74 Treads 75 | . . . 75 Legs . | . . . . Wheels 160 | . 30 130 . Hover 143 | . . . 143 Flight . | . . . . Fastest Speed 50 | 50 50 50 50 Average Speed 73 | 50 59 71 81 Slowest Speed 160 | 50 80 80 160 Overloaded Moves . | . . . . Propulsion Burnouts . | . . . . Robots Hopped . | . . . . Potential Cave-ins . | . . . . Cave-ins Triggered . | . . . . Exploration Rate (%) 27 | 3 34 26 45 Regions Visited 3 Branch Regions 1 Pre-discovered Areas . | . . . . Known Exits Taken . | . . . . Unknown Exits Taken 3 | 1 1 1 . Scrap Searched . | . . . . Spaces Dug . | . . . . Terrain Destroyed . | . . . . Melee . | . . . . Projectile . | . . . . AOE . | . . . . Terrain Rammed . | . . . . Walls Destroyed . | . . . . Machines Disabled . | . . . . Actions | -11 -10 -9 -9 --------- Run | Yrd Mat Mat Sto Total 1026 | 19 98 208 701 Wait 433 | . . 28 405 Move 587 | 19 98 178 292 Hop . | . . . . Pick Up . | . . . . Fast Attach . | . . . . Attach . | . . . . Detach . | . . . . Swap . | . . . . Drop . | . . . . Fire 4 | . . . 4 Melee . | . . . . Ram . | . . . . Kick . | . . . . Crush . | . . . . Escape Stasis . | . . . . Rewire 2 | . . 2 . Trap . | . . . . Miscellaneous . | . . . . Route ------- -11/Scrapyard -10/Materials -9/Materials -9/Storage (discovered 1 exit: Mat) History --------- Turn | Location | Event 5 | -11/Scrapyard | Discovered new exit (range 12) 11 | -11/Scrapyard | Entered Materials 59 | -10/Materials | Discovered new exit (range 13) 69 | -10/Materials | Entered another Materials area 221 | -9/Materials | Core integrity fell below 50% 222 | -9/Materials | Discovered new exit (range 13) 228 | -9/Materials | Entered Storage 239 | -9/Storage | Identified exit to Materials 857 | -9/Storage | Core integrity fell below 20% 883 | -9/Storage | Destroyed by G-47 Trooper with Particle Gun Last Messages --------------- 00318_ Took control of Y-45 Defender. 00318_ Extracted analysis data for Y-45 Defender. 00842_ Critical hit (Burn: +37). 00852_ Transport Mainframe disabled. 00855_ Released control of Y-45 Defender. 00856_ O-16 Technician: "IFF HANDSHAKE FAILED. SECURING TERMINAL." 00856_ Y-45 Defender reactivates. 00856_ Critical hit (Burn: +37). 00856_ O-16 Technician: "IFF HANDSHAKE FAILED. SECURING TERMINAL." 00860_ O-16 Technician uses terminal to summon reinforcements. 00860_ ALERT: Hostiles spotted, dispatching reinforcements to Terminal S002. 00860_ O-16 Technician locks terminal. 00863_ ALERT: Hostiles spotted, dispatching reinforcements to Terminal S009. 00879_ A-02 Transporter destroyed. Map ----- +----------------------------------------------------+ | ????########## """ """ #+#????????????? | | ????? # """ """ #????????????? | | ?????""" # """ """ #???##???????? | | ????#""" # """ """ #?? ????????? | | ????#""" # """ """ ## ?????????? | | ????# + # ??????????? | | ????#""" # + ""???????? | | ????#""" # # # ### # "???????? | | ????#""" ! + # " #+#### #?????????? | | ????# # # #% # ####+###### | | ????###" "#### ##### + + | | ??????#"R"???# #???# # ### | | ??????#"""???# #???# / # # | | ??????###????# #???# + + | | ?????????????# #???# =#######+###### " | | ?????????????# #???# %#??# ### " | | ?????????????# #???# ! #???? """ + + " | | ?????????????# #???# / #???? "R" ### | | ?????????????# #???######???? " "???# | | ?????????????# #????????????# ??# | | ?????????????# #????????????# ???### | | ?????????????# #?##?????????#######????? | | ???????????"?# #?T#??###???????? ???? | | ???????????" # # "====#????????? ???? | | ???????????" # # #?????????? ??? | | ????# """""" + @ g"????????????#####+### | | ????# # ####????????????# | | ????# # #???????????????# "??" | | ????# + #???????????????# "??"" | | ????# # #???#####???????# "???"" | | ????##########!! #####"T"######### ""???" | | ?????# #!] # + + ""??" | | ?????# """"" #%!*# !####### """" | | ?????# """"" #!!!# #????# | | ???????""""" #] # """ """ ##????# | | ????????? # + """ """ #?????######### | | ????#######+## # """ """ #?????????????? | | ????# # #?????????????? | | ????# ##### # #?????????????? | | ????# #???#^^ ^ ###########?????????????? | | ????# #???# ^ ^^#???????????????????????? | | ??###+##### #???????????????????????? | | ?# # #????????????????????+??? | | ?# !!! T # #???????????????????????? | | # !!! # #???????????????????????? | | ## !! # +???????????????????????? | | ?########## #???????????????????????? | | ??## # +???????????????????????? | | ?#"" # #???????????????????????? | | ?#"Y """ + #???????????????????????? | +----------------------------------------------------+ Best States ------------- Heat Dissipation 36 Energy Generation 17 Energy Capacity 215 Matter Stores 97 Matter Capacity 100 Sight Range 16 Terrain Scan Range 14 Terrain Scan Density 85 Armor Coverage 150 Resistance: EX 50 Resistance: I 25 Evasion (%) 53 Recoil Reduction 2 Offensive Hacking 10 Item Schematics ----------------- None Robot Schematics ------------------ None Fabricated ------------ Nothing Repaired ---------- Nothing Alien Tech Used ----------------- None Achievements -------------- None Challenges ------------ None Polymind | -11 -10 -9 -9 ---------- Run | Yrd Mat Mat Sto Hosts 3 | . 1 . 2 Combat Hostiles 1 | . . . 1 Allies . | . . . . Unique Host Classes 3 | . 1 . 2 Average Host Suspicion 37 | . 6 34 39 Unsuspicious Activity 425 | . 2 . 423 Returns to Shadow 1 | . . . 1 Fuzzy Dispatches . | . . . . Protomatter Created . | . . . . Used 33 | . 5 . 28 Decayed . | . . . . Highest Spend 23 | . 5 . 23 Game ------ Seed DamperLinkedSword Manual? 0 Play Time 00:09:12 Cumulative 52.9 hours Start 2025.07.16 @ 04:44:44 End 2025.07.16 @ 04:50:58 Sessions 1 Manual Loads 0 Difficulty Rogue Special Mode Winter2022/Polymind Game No. 71 Rogue 71 Adventurer 0 Explorer 0 Win Type - Total 0 Types 0/0/0/0/0/0/0/0/0/0 Lore% 40 Gallery% 32 Achievement% 33 Wizard Run 0 Options --------- Layout 1 ASCII 0 Keyboard 0 Movement Arrows Keybinds 0 Fullscreen 1 Font 24/Smallcaps Map View 50x35 Zoom Use 0% Tactical HUD 1 Map Filters NONE Filters NONE Steam 1 RUN: 63e232c4-5850-44b0-a236-f90f7c4d6717